 Dungeon Crawl Stone Soup version 0.30.0-13-g156ef70053 (webtiles) character file.

Game seed: 4162911450122076130

37 dialectric the Sneak (level 3, -1/36 HPs)
             Began as a Troll Delver on May 17, 2023.
             Slain by a river rat (5 damage)
             ... in a sewer.
             The game lasted 00:00:58 (189 turns).

dialectric the Sneak (Troll Delver)                  Turns: 189, Time: 00:00:58

Health: -1/36      AC:  4    Str: 22    XL:     3   Next: 23%
Magic:  2/2        EV: 10    Int:  6    God:
Gold:   0          SH:  0    Dex: 11    Spells: 2/2 levels left

rFire   . . .        a - +0 mace
rCold   . . .        (no shield)
rNeg    . . .        b - +0 robe
rPois   .            (helmet restricted)
rElec   .            (no cloak)
rCorr   .            (gloves unavailable)
SInv    .            (boots unavailable)
Will    .....        (no amulet)
Stlth   ++           (no ring)
HPRegen 1.06/turn    (no ring)
MPRegen 0.08/turn

%: no passive effects
@: no status effects
A: large, unfitting armour, claws 3, regeneration 1, shaggy fur 1, tough skin 1
a: no special abilities


You were in a sewer.
You visited 1 branch of the dungeon, and saw 1 of its levels.
You also visited: Sewer.

Inventory:

Hand Weapons
 a - a +0 mace (weapon)
Armour
 b - a +0 robe (worn)
Wands
 g - a wand of digging (3)
Scrolls
 c - a scroll of fog
 d - a scroll of magic mapping
 e - a scroll of fear
 h - a scroll of butterflies {unknown}
Potions
 f - a potion of haste
 i - a potion of magic {unknown}


   Skills:
 + Level 2.7 Fighting
 + Level 2.6 Maces & Flails
 + Level 2.0 Dodging
 - Level 2.8 Stealth


You had 2 spell levels left.
You didn't know any spells.
Your spell library was empty.

Dungeon Overview and Level Annotations

Branches:
Dungeon (5/15)              Sewer (1/1)
 Temple: D:4-7

Altars:


Innate Abilities, Weirdness & Mutations

You are too large for most types of armour.
You have claws for hands.
Your natural rate of healing is unusually fast.
You are covered in fur. (AC +1)
You have tough skin. (AC +1)


Message History

You hit the river rat.
The river rat is severely wounded.
The ball python bites you. The river rat bites you!
The river rat bites you but does no damage.
You are too injured to fight recklessly!
You are too injured to fight recklessly!
You are too injured to fight recklessly!
You are too injured to fight recklessly!
You are too injured to fight recklessly!
You are too injured to fight recklessly!
You are too injured to fight recklessly!
You are too injured to fight recklessly!
You are too injured to fight recklessly!
Unknown command.
You sock the ball python!
You kill the ball python!
The river rat barely misses you. x2
The river rat bites you but does no damage.
The river rat closely misses you.
You see here a ball python corpse.
You barely miss the river rat.
The river rat is severely wounded.
The river rat bites you. The river rat barely misses you.
You closely miss the river rat.
The river rat is severely wounded.
The river rat barely misses you. The river rat bites you.
The river rat barely misses you. The river rat bites you.
You hit the river rat but do no damage.
The river rat is severely wounded.
The river rat bites you!
* * * LOW HITPOINT WARNING * * *
The river rat closely misses you.
You closely miss the river rat.
The river rat is severely wounded.
The river rat closely misses you. The river rat bites you.
* * * LOW HITPOINT WARNING * * *
You hit the river rat.
You kill the river rat!
The river rat bites you.
You die...

#~~~### .~# #~~.~~##
#~.#### ##.~...##
#~~~~~.##
###~...##~~.~...~####
##~~~.~~.###~..~~.#
##.....##.##.~~~
#~~~†##...#~.#
##.~..~~~.##~~#
#~~~~....##†@~#
#~~.#..~..~~r∩##
~..~~##~..#~~~.##
#..~# ##.~###### ####
#~~~ ##... ##.~~ ##~


You could see a river rat.

Vanquished Creatures
  3 river rats
  3 endoplasms (Sewer)
  4 giant cockroaches
  6 ball pythons
  2 frilled lizards (Sewer)
  4 rats
22 creatures vanquished.

Notes
Turn   | Place    | Note
-------+----------+-------------------------------------------
     0 | D:5      | dialectric the Troll Delver began the quest for the Orb.
     0 | D:5      | Reached XP level 1. HP: 22/22 MP: 0/0
    45 | D:5      | Reached XP level 2. HP: 27/29 MP: 1/1
    68 | D:5      | Found a glowing drain.
    77 | Sewer    | Entered a sewer
   110 | Sewer    | Reached XP level 3. HP: 36/36 MP: 2/2
   189 | Sewer    | Slain by a river rat

Illustrated notes

Levels and vault maps discovered:
D:5:      layout_loops_ring, minmay_temple_entry_hall, portal_sewer_entry_e,
          serial_bayou_pond_a, hangedman_decor_push
Sewer:    sewer_hellmonk_slimy_pipes

Skill      XL: |  1  2 |
---------------+-------+-----
Maces & Flails | 2 |  2.6
Dodging        | 2 |  2.0
Fighting       | |  2.7
Stealth        | |  2.8

Action                     || total
---------------------------++-------
  Melee: Mace              ||    75
   Stab: Sleeping          ||     2
 Armour: Robe              ||    24
  Dodge: Dodged            ||    59
